TOP OF THE 1ST |
Palm Beach Nationals batting - Pitching for Houston Colt .45's : LHP Jeremy Mellott
|
Pitching: LHP Jeremy Mellott
|
|
Batting: RHB Lou Ortman
|
0-0: Ball 1-0: Ball 2-0: Fly out, F4 (Flyball, 34D, EV 89.4 MPH)
|
Batting: RHB Jason Curry
|
0-0: Ball 1-0: Fly out, F4 (Popup, 34S, EV 81.9 MPH)
|
Batting: RHB Ben Lowe
|
0-0: Ball 1-0: DOUBLE (Line Drive, 9LD, EV 110.6 MPH)
|
Batting: LHB Ken Westfall
|
0-0: Called Strike 0-1: Ball 1-1: Ball 2-1: Swinging Strike 2-2: Fly out, F8 (Flyball, 78D, EV 97.5 MPH)
|
Top of the 1st over - 0 runs, 1 hit, 0 errors, 1 left on base; Palm Beach 0 - Houston 0 |
BOTTOM OF THE 1ST |
Houston Colt .45's batting - Pitching for Palm Beach Nationals : RHP Nate Vandergriff
|
Pitching: RHP Nate Vandergriff
|
|
Batting: RHB Ralph Baltimore
|
0-0: Called Strike 0-1: Ball 1-1: Called Strike 1-2: Strikes out swinging
|
Batting: RHB Jonathan Rausch
|
0-0: Ball 1-0: Ground out 5-3 (Groundball, 56, EV 80.6 MPH)
|
Batting: RHB Devon Healy
|
0-0: Ball 1-0: Ball 2-0: DOUBLE (Line Drive, 9LS, EV 106.9 MPH)
|
Batting: LHB Vecdi Hodensack
|
0-0: Fly out, F8 (Flyball, 78XD, EV 110.6 MPH)
|
Bottom of the 1st over - 0 runs, 1 hit, 0 errors, 1 left on base; Palm Beach 0 - Houston 0 |
TOP OF THE 2ND |
Palm Beach Nationals batting - Pitching for Houston Colt .45's : LHP Jeremy Mellott
|
Batting: LHB Dusty Jones
|
0-0: Called Strike 0-1: Foul Ball, location: 2F 0-2: Ball 1-2: Foul Ball, location: 2F 1-2: Ground out 6-3 (Groundball, 6S, EV 75.6 MPH)
|
Batting: SHB Tim Schulz
|
0-0: Foul Ball, location: 2F 0-1: Ball 1-1: Ball 2-1: Foul Ball, location: 2F 2-2: Strikes out swinging
|
Batting: RHB Larry Myers
|
0-0: Called Strike 0-1: Ball 1-1: Fly out, F9 (Flyball, 9, EV 83.8 MPH)
|
Top of the 2nd over - 0 runs, 0 hits, 0 errors, 0 left on base; Palm Beach 0 - Houston 0 |
BOTTOM OF THE 2ND |
Houston Colt .45's batting - Pitching for Palm Beach Nationals : RHP Nate Vandergriff
|
Batting: RHB Edward Chan
|
0-0: Called Strike 0-1: Ball 1-1: Foul Ball, location: 2F 1-2: SOLO HOME RUN (Flyball, 78XD, EV 108.1 MPH), Distance : 425 ft
|
Batting: RHB David Snyder
|
0-0: Ball 1-0: Foul Ball, location: 2F 1-1: Swinging Strike 1-2: Strikes out swinging
|
Batting: LHB Casper Significant
|
0-0: Foul Ball, location: 2F 0-1: Swinging Strike 0-2: Ball 1-2: Strikes out swinging
|
Batting: RHB Chris Jordan
|
0-0: Swinging Strike 0-1: Ball 1-1: Swinging Strike 1-2: Ball 2-2: Ball 3-2: Foul Ball, location: 2F 3-2: Strikes out swinging
|
Bottom of the 2nd over - 1 run, 1 hit, 0 errors, 0 left on base; Palm Beach 0 - Houston 1 |
TOP OF THE 3RD |
Palm Beach Nationals batting - Pitching for Houston Colt .45's : LHP Jeremy Mellott
|
Batting: RHB Mike Hayes
|
0-0: Swinging Strike 0-1: Fly out, F8 (Flyball, 8LM, EV 96.2 MPH)
|
Batting: RHB Tom Lyles
|
0-0: Ground out 4-3 (Groundball, 4MD, EV 90.6 MPH)
|
Batting: RHB Lou Ortman
|
0-0: Ball 1-0: Foul Ball, location: 2F 1-1: Foul Ball, location: 2F 1-2: Strikes out swinging
|
Top of the 3rd over - 0 runs, 0 hits, 0 errors, 0 left on base; Palm Beach 0 - Houston 1 |
BOTTOM OF THE 3RD |
Houston Colt .45's batting - Pitching for Palm Beach Nationals : RHP Nate Vandergriff
|
Batting: LHB Pappy Sterile
|
0-0: Foul Ball, location: 2F 0-1: Foul Ball, location: 2F 0-2: Strikes out looking
|
Batting: RHB Ralph Baltimore
|
0-0: Ball 1-0: Ground out 6-3 (Groundball, 6, EV 101.2 MPH)
|
Batting: RHB Jonathan Rausch
|
0-0: Ball 1-0: Called Strike 1-1: Swinging Strike 1-2: Ball 2-2: Foul Ball, location: 2F 2-2: Strikes out swinging
|
Bottom of the 3rd over - 0 runs, 0 hits, 0 errors, 0 left on base; Palm Beach 0 - Houston 1 |
TOP OF THE 4TH |
Palm Beach Nationals batting - Pitching for Houston Colt .45's : LHP Jeremy Mellott
|
Batting: RHB Jason Curry
|
0-0: Foul Ball, location: 2F 0-1: Fly out, F4 (Line Drive, 4, EV 69.4 MPH)
|
Batting: RHB Ben Lowe
|
0-0: Ball 1-0: Called Strike 1-1: Ball 2-1: Called Strike 2-2: Strikes out swinging
|
Batting: LHB Ken Westfall
|
0-0: Called Strike 0-1: Swinging Strike 0-2: Strikes out swinging
|
Top of the 4th over - 0 runs, 0 hits, 0 errors, 0 left on base; Palm Beach 0 - Houston 1 |
BOTTOM OF THE 4TH |
Houston Colt .45's batting - Pitching for Palm Beach Nationals : RHP Nate Vandergriff
|
Batting: RHB Devon Healy
|
0-0: Foul Ball, location: 2F 0-1: Foul Ball, location: 2F 0-2: Ball 1-2: Strikes out swinging
|
Batting: LHB Vecdi Hodensack
|
0-0: Ball 1-0: Ball 2-0: SINGLE (Line Drive, 56D, EV 93.8 MPH)
|
Batting: RHB Edward Chan
|
0-0: Ball Vecdi Hodensack steals 2nd base 1-0: Ball 2-0: Ball 3-0: Called Strike 3-1: Called Strike 3-2: Fly out, F7 (Line Drive, 7, EV 91.9 MPH)
|
Batting: RHB David Snyder
|
0-0: Ball 1-0: Called Strike 1-1: Foul Ball, location: 2F 1-2: Strikes out looking
|
Bottom of the 4th over - 0 runs, 1 hit, 0 errors, 1 left on base; Palm Beach 0 - Houston 1 |
TOP OF THE 5TH |
Palm Beach Nationals batting - Pitching for Houston Colt .45's : LHP Jeremy Mellott
|
Batting: LHB Dusty Jones
|
0-0: Foul Ball, location: 2F 0-1: Called Strike 0-2: Ball 1-2: Strikes out swinging
|
Batting: SHB Tim Schulz
|
0-0: Ball 1-0: SINGLE (Groundball, 6D, EV 111.9 MPH)
|
Batting: RHB Larry Myers
|
0-0: Ball 1-0: Called Strike 1-1: Grounds into double play, 6-4-3 (Groundball, 56, EV 86.9 MPH)
|
Top of the 5th over - 0 runs, 1 hit, 0 errors, 0 left on base; Palm Beach 0 - Houston 1 |
BOTTOM OF THE 5TH |
Houston Colt .45's batting - Pitching for Palm Beach Nationals : RHP Nate Vandergriff
|
Batting: LHB Casper Significant
|
0-0: Ground out 4-3 (Groundball, 4, EV 90.0 MPH)
|
Batting: RHB Chris Jordan
|
0-0: Called Strike 0-1: Foul Ball, location: 2F 0-2: SINGLE (Groundball, 4MD, EV 103.8 MPH)
|
Batting: LHB Pappy Sterile
|
0-0: Called Strike 0-1: Called Strike 0-2: Ball 1-2: Ball 2-2: Strikes out swinging
|
Batting: RHB Ralph Baltimore
|
0-0: Called Strike 0-1: Hit by Pitch Chris Jordan to second
|
Batting: RHB Jonathan Rausch
|
0-0: Fly out, F8 (Flyball, 8LM, EV 95.0 MPH)
|
Bottom of the 5th over - 0 runs, 1 hit, 0 errors, 2 left on base; Palm Beach 0 - Houston 1 |
TOP OF THE 6TH |
Palm Beach Nationals batting - Pitching for Houston Colt .45's : LHP Jeremy Mellott
|
Batting: RHB Mike Hayes
|
0-0: Ball 1-0: Called Strike 1-1: Fly out, F8 (Flyball, 78M, EV 97.5 MPH)
|
Batting: RHB Tom Lyles
|
0-0: Called Strike 0-1: Swinging Strike 0-2: Ball 1-2: Ball 2-2: Ball 3-2: Strikes out swinging
|
Batting: RHB Lou Ortman
|
0-0: Ball 1-0: Swinging Strike 1-1: Fly out, F9 (Flyball, 9, EV 78.1 MPH)
|
Top of the 6th over - 0 runs, 0 hits, 0 errors, 0 left on base; Palm Beach 0 - Houston 1 |
BOTTOM OF THE 6TH |
Houston Colt .45's batting - Pitching for Palm Beach Nationals : RHP Nate Vandergriff
|
Batting: RHB Devon Healy
|
0-0: Called Strike 0-1: Ball 1-1: Swinging Strike 1-2: Ball 2-2: Foul Ball, location: 2F 2-2: Foul Ball, location: 2F 2-2: Ball 3-2: Strikes out swinging
|
Batting: LHB Vecdi Hodensack
|
0-0: Ball 1-0: Called Strike 1-1: DOUBLE (Flyball, 8RXD, EV 90.6 MPH)
|
Batting: RHB Edward Chan
|
0-0: Ball 1-0: Called Strike 1-1: Ball 2-1: Ball 3-1: Base on Balls
|
Batting: RHB David Snyder
|
0-0: Ball 1-0: Called Strike 1-1: Foul Ball, location: 2F 1-2: Ball 2-2: Strikes out swinging
|
Batting: LHB Casper Significant
|
0-0: Called Strike 0-1: Called Strike 0-2: Ball 1-2: Ball 2-2: Ball 3-2: Strikes out looking
|
Bottom of the 6th over - 0 runs, 1 hit, 0 errors, 2 left on base; Palm Beach 0 - Houston 1 |
TOP OF THE 7TH |
Palm Beach Nationals batting - Pitching for Houston Colt .45's : LHP Jeremy Mellott
|
Batting: RHB Jason Curry
|
0-0: Ball 1-0: Ground out 6-3 (Groundball, 6D, EV 103.1 MPH)
|
Batting: RHB Ben Lowe
|
0-0: Called Strike 0-1: Foul Ball, location: 2F 0-2: Ball 1-2: Ball 2-2: Fly out, F8 (Flyball, 89M, EV 83.1 MPH)
|
Batting: LHB Ken Westfall
|
0-0: Ball 1-0: Fly out, F7 (Flyball, 7D, EV 98.1 MPH)
|
Top of the 7th over - 0 runs, 0 hits, 0 errors, 0 left on base; Palm Beach 0 - Houston 1 |
BOTTOM OF THE 7TH |
Houston Colt .45's batting - Pitching for Palm Beach Nationals : RHP Nate Vandergriff
|
Batting: RHB Chris Jordan
|
0-0: Ball 1-0: Swinging Strike 1-1: Swinging Strike 1-2: Ball 2-2: Ball 3-2: Strikes out looking
|
Batting: LHB Pappy Sterile
|
0-0: Ball 1-0: Swinging Strike 1-1: Swinging Strike 1-2: Foul Ball, location: 2F 1-2: Ball 2-2: Foul Ball, location: 2F 2-2: Foul Ball, location: 2F 2-2: Foul Ball, location: 2F 2-2: Ball 3-2: Foul Ball, location: 2F 3-2: SINGLE (Groundball, 56D, EV 104.4 MPH)
|
Batting: RHB Ralph Baltimore
|
0-0: Fly out, F9 (Flyball, 9, EV 97.5 MPH)
|
Batting: RHB Jonathan Rausch
|
0-0: Called Strike Pappy Sterile steals 2nd base 0-1: Foul Ball, location: 2F 0-2: Strikes out swinging
|
Bottom of the 7th over - 0 runs, 1 hit, 0 errors, 1 left on base; Palm Beach 0 - Houston 1 |
TOP OF THE 8TH |
Palm Beach Nationals batting - Pitching for Houston Colt .45's : LHP Jeremy Mellott
|
Now at 1B: Doug Dark
|
|
Now in LF: Devon Healy
|
|
Batting: LHB Dusty Jones
|
0-0: Ball 1-0: Ball 2-0: Ball 3-0: Called Strike 3-1: Base on Balls
|
Batting: SHB Tim Schulz
|
0-0: Grounds into double play, 6-4-3 (Groundball, 6, EV 99.4 MPH)
|
Batting: LHB Emery Helm
|
0-0: Foul Ball, location: 2F 0-1: Ball 1-1: Foul Ball, location: 2F 1-2: SINGLE (Groundball, 56S, EV 66.2 MPH) (infield hit)
|
Pinch Hitting: SHB John Husson
|
0-0: Ball Wild Pitch! Emery Helm to second 1-0: Ball 2-0: Foul Ball, location: 2F 2-1: Ball 3-1: Foul Ball, location: 2F 3-2: Foul Ball, location: 2F 3-2: Base on Balls
|
Pinch Hitting: RHB Vince Parris
|
0-0: Called Strike 0-1: Swinging Strike 0-2: Ball 1-2: Ball 2-2: Strikes out swinging
|
Top of the 8th over - 0 runs, 1 hit, 0 errors, 2 left on base; Palm Beach 0 - Houston 1 |
BOTTOM OF THE 8TH |
Houston Colt .45's batting - Pitching for Palm Beach Nationals : RHP Nate Vandergriff
|
Now in LF: Greg Bennett
|
|
Now in RF: Vince Parris
|
|
Batting: RHB Devon Healy
|
0-0: Ground out 4-3 (Groundball, 13, EV 88.8 MPH)
|
Batting: LHB Vecdi Hodensack
|
0-0: Ball 1-0: Ball 2-0: Foul Ball, location: 2F 2-1: SOLO HOME RUN (Flyball, 7D, EV 100.0 MPH), Distance : 390 ft
|
Batting: RHB Edward Chan
|
0-0: Foul Ball, location: 2F 0-1: Called Strike 0-2: Strikes out swinging
|
Batting: RHB David Snyder
|
0-0: Called Strike 0-1: Swinging Strike 0-2: Foul Ball, location: 2F 0-2: Ball 1-2: Ground out 6-3 (Groundball, 6, EV 84.4 MPH)
|
Bottom of the 8th over - 1 run, 1 hit, 0 errors, 0 left on base; Palm Beach 0 - Houston 2 |
TOP OF THE 9TH |
Palm Beach Nationals batting - Pitching for Houston Colt .45's : LHP Jeremy Mellott
|
Pitching: LHP Simeone Lulli
|
|
Batting: RHB Lou Ortman
|
0-0: Ball 1-0: Called Strike 1-1: Ball 2-1: Ball 3-1: Base on Balls
|
Batting: RHB Jason Curry
|
0-0: Ball 1-0: Called Strike 1-1: Ball 2-1: Foul Ball, location: 2F 2-2: Strikes out swinging
|
Batting: RHB Ben Lowe
|
0-0: Called Strike 0-1: Swinging Strike 0-2: Ball 1-2: Ball 2-2: Ball 3-2: Foul Ball, location: 2F 3-2: Base on Balls Lou Ortman to second
|
Batting: LHB Ken Westfall
|
0-0: Ball 1-0: Called Strike 1-1: Ball 2-1: Fielders Choice at 2nd, 2-6 (Groundball, 13S, EV 68.1 MPH) Lou Ortman to third
|
Batting: LHB Dusty Jones
|
0-0: Called Strike 0-1: Called Strike 0-2: Foul Ball, location: 2F 0-2: Ball 1-2: Strikes out looking
|
Top of the 9th over - 0 runs, 0 hits, 0 errors, 2 left on base; Palm Beach 0 - Houston 2 |
|